 Dungeon Crawl Stone Soup version 0.20-a0-449-g96be121 (webtiles) character file.

11 Amnesiac the Magician (level 2, -1/19 HPs)
             Began as a Mummy Enchanter on Jan 8, 2017.
             Slain by an adder (2 damage)
             ... on level 2 of the Dungeon.
             The game lasted 00:01:30 (571 turns).

Amnesiac the Magician (Mummy Enchanter)              Turns: 571, Time: 00:01:31

Health: -1/19      AC:  3    Str: 11    XL:     2   Next: 17%
Magic:  0/6        EV: 12    Int: 14    God:
Gold:   30         SH:  0    Dex: 12    Spells: 4/7 levels left

rFire  x . .     SeeInvis .     a - +1 dagger
rCold  + . .     Gourm    .     b - +1 robe
rNeg   + + +     Faith    .     (no shield)
rPois  ∞         Spirit   .     (no helmet)
rElec  .         Reflect  .     (no cloak)
rCorr  .         Harm     .     (no gloves)
MR     .....                    (no boots)
Stlth  ++........               (no amulet)
                                (no ring)
                                (no ring)

@: very slightly contaminated
A: no food or potions, fire vulnerability, cold resistance 1, negative energy
resistance 3, torment resistance, unbreathing
a: no special abilities


You were on level 2 of the Dungeon.
You were not hungry.

You visited 1 branch of the dungeon, and saw 3 of its levels.

You collected 30 gold pieces.

Inventory:

Hand Weapons
 a - a +1 dagger (weapon)
Armour
 b - a +1 robe (worn)
 e - a +0 buckler
Books
 c - a book of Maledictions

   Spells                             Type                      Level
   a - Corona                         Hexes                        1
   b - Ensorcelled Hibernation        Hexes/Ice                    2
   c - Confuse                        Hexes                        3
   d - Tukima's Dance                 Hexes                        3
   e - Dazzling Spray                 Conjuration/Hexes            3


   Skills:
 - Level 1.0 Short Blades
 - Level 1.5 Dodging
 + Level 2.5 Stealth
 - Level 3.0 Spellcasting
 - Level 3.0 Hexes


You had 4 spell levels left.
You knew the following spells:

 Your Spells              Type           Power        Failure   Level  Hunger
f - Corona                Hex            ##.....      10%         1    N/A
z - Ensorcelled Hibernat  Hex/Ice        #.....       21%         2    N/A

Dungeon Overview and Level Annotations

Branches:
Dungeon (3/15)

Altars:
Fedhas


Innate Abilities, Weirdness & Mutations

You do not eat or drink.
Your flesh is vulnerable to fire.
You are immune to poison.
Your flesh is cold resistant. (rC+)
You are immune to negative energy. (rN+++)
You are immune to unholy pain and torment.
You can survive without breathing.


Message History

Confirm with . or Enter, or press ? or * to list all spells.
Aiming: Ensorcelled Hibernation
Press: ? - help, Shift-Dir - straight line, f/p - adder
Aim: an adder (chance to defeat MR: 47%)
You miscast Ensorcelled Hibernation.
You are very lightly contaminated with residual magic.
Your hands feel numb with cold.
The adder misses you.
As you read the scroll labeled ZOGHOU QAFOI, it crumbles to dust.
The creatures around you are filled with an inner flame!
It was a scroll of immolation.
The adder barely misses you. The adder closely misses you.
As you read the scroll labeled ZICUPIOTWIR, it crumbles to dust.
It is a scroll of enchant armour.
Your +0 robe glows green for a moment.
The adder bites you.
* * * LOW HITPOINT WARNING * * *
The adder bites you but does no damage.
You climb upwards.
There is a stone staircase leading down here.
The adder bites you.
You die...

#...#.#.#..##.
##..(.........
#..#.#.#..##.
##.........##. ##
#######...######.##. ..
..........# ###.##. .#.#.
##..##...##........
......##.................
#.#.#..S@......##........
......##.##>.............
#.#.# #.....#.#.#.#.....
.... ####...........#..
#.# ...#.#.#.#. # ..
##.......... #
#..#.#.#.#. #.........
#..#.#.#.


You could see an adder (inner flame).

Vanquished Creatures
  A dart slug (D:1)
  2 giant cockroaches (D:2)
  A hobgoblin (D:1)
  2 kobolds
  A bat (D:3)
  A frilled lizard (D:1)
  2 rats
10 creatures vanquished.

Notes
Turn   | Place    | Note
-------+----------+-------------------------------------------
     0 | D:1      | Amnesiac the Mummy Enchanter began the quest for the Orb.
     0 | D:1      | Reached XP level 1. HP: 13/13 MP: 4/4
    51 | D:1      | Reached skill level 1 in Short Blades
   275 | D:2      | Reached XP level 2. HP: 19/19 MP: 6/6
   349 | D:2      | Found a blossoming altar of Fedhas.
   437 | D:2      | Learned a level 2 spell: Ensorcelled Hibernation
   571 | D:2      | Slain by an adder

Vault maps used:
D:1:      lemuel_arrival_tunnels, minmay_hexomino_c4
D:2:      fedhas_altar_1, serial_glass, glass_columns_a, glass_columns_b,
          glass_columns_b, glass_columns_c, glass_columns_a, glass_columns_c,
          glass_columns_b, glass_columns_c, glass_columns_c, glass_columns_a,
          glass_columns_a, glass_columns_b, glass_columns_a, glass_columns_c,
          minmay_distorted
D:3:      uniq_sigmund, uniq_jessica, uniq_robin

Skill      XL: |  1  2 |
---------------+-------+-----
Short Blades   | 1 |  1.0
Spellcasting   | 3 |  3.0
Hexes          | 3 |  3.0
Dodging        | |  1.5
Stealth        | |  2.5

Action                   || total
-------------------------++-------
Melee: Dagger            ||    46
 Cast: Corona            ||     9
       Ensorcelled Hiber ||     2
  Use: Scroll            ||     2
 Stab: Sleeping          ||     2
Armor: Robe              ||    12
Dodge: Dodged            ||    41
